 Dungeon Crawl Stone Soup version 0.21.1-1-g345015fe64 (webtiles) character file.

110 Henning the Skirmisher (level 4, -2/29 HPs)
             Began as a Gargoyle Berserker on July 19, 2018.
             Was a Priest of Trog.
             Slain by an orc warrior
             ... wielding a cursed -2 halberd
              (9 damage)
             ... on level 3 of the Dungeon.
             The game lasted 00:04:56 (1167 turns).

Henning the Skirmisher (Gargoyle Berserker)         Turns: 1167, Time: 00:04:57

Health: -2/29      AC:  7    Str: 20    XL:     4   Next: 91%
Magic:  4/4        EV: 12    Int:  8    God:    Trog [***...]
Gold:   68         SH:  3    Dex: 10    Spells: 3/3 levels left

rFire    . . .     SeeInvis .   g - +0 whip
rCold    . . .     Gourm    .   (no shield)
rNeg     + . .     Faith    .   b - +0 animal skin
rPois    ∞         Spirit   .   k - +2 hat
rElec    +         Reflect  +   (no cloak)
rCorr    +         Harm     .   (no gloves)
MR       .....                  (no boots)
Stlth    +.........             o - +3 amulet of reflection
HPRegen  0.09/turn              f - ring of resist corrosion
MPRegen  0.09/turn              (no ring)

@: no status effects
A: negative energy resistance 1, electricity resistance, unbreathing,
petrification resistance, rot immunity, AC +3
a: Berserk, Trog's Hand, Burn Spellbooks, Renounce Religion


You were on level 3 of the Dungeon.
You worshipped Trog.
Trog was most pleased with you.
You were not hungry.

You visited 1 branch of the dungeon, and saw 3 of its levels.

You collected 68 gold pieces.

Inventory:

Hand Weapons
 a - a +0 mace
 g - a +0 whip (weapon)
Missiles
 r - 3 javelins of returning (quivered)
Armour
 b - a +0 animal skin (worn)
 h - a +0 helmet
 k - a +2 hat (worn)
Jewellery
 f - a ring of resist corrosion (left hand)
 o - a +3 amulet of reflection (around neck)
Scrolls
 e - a scroll of fear {unknown}
 l - a scroll of immolation {unknown}
 m - a scroll of teleportation {unknown}
 n - 2 scrolls of amnesia {unknown}
 t - a scroll of identify {unknown}
Potions
 d - a potion of resistance {unknown}
 i - a potion of heal wounds {unknown}
 j - a potion of invisibility {unknown}
 p - 2 potions of flight {unknown}
 s - a potion of curing {unknown}
 u - a potion of brilliance {unknown}
Comestibles
 c - 6 rations
 q - a chunk of flesh


   Skills:
 + Level 4.3 Fighting
 + Level 3.8 Maces & Flails
 + Level 3.4 Armour
 - Level 2.0 Dodging


You had 3 spell levels left.
You didn't know any spells.

Dungeon Overview and Level Annotations

Branches:
Dungeon (3/15)

Altars:
Fedhas
Okawaru


Innate Abilities, Weirdness & Mutations

You are resistant to torment.
Your stone body is resilient. (AC +3)
You are immune to poison.
You resist negative energy. (rN+)
You are resistant to electric shocks. (rElec)
You can survive without breathing.
You are immune to petrification.
You are immune to rotting.


Message History

The orc wizard hits you but does no damage.
You hit the orc wizard but do no damage.
The orc wizard is lightly wounded.
You hit the orc.
The orc is moderately wounded.
You block the orc wizard's attack. The orc wizard hits you with a dagger.
The orc hits you with a hand axe of freezing.
* * * LOW HITPOINT WARNING * * *
The orc freezes you.
* * * LOW HITPOINT WARNING * * *
You hit the orc wizard.
The orc wizard is heavily wounded.
The orc wizard closely misses you. The orc hits you but does no damage.
An orc comes into view. It is wielding a club.
The orc shouts!
You hit the orc wizard.
The orc wizard is severely wounded.
The orc wizard hits you but does no damage.
The orc warrior hits you from afar with a halberd!
You die...

##...# #....##
#### #.#### #.#
#.# #######.#
#.......#
#.#####.#
o..#####.#######
o....oo@)$.....#
##.####o..#.##$#
#......#
......#(#
####..##... #..#
##. #..# # #..#


You could see an orc warrior, an orc priest (wandering), an orc wizard and 2
orcs.

Vanquished Creatures
  An orc priest (D:3)
  An adder (D:2)
  A worm (D:2)
  4 dart slugs
  2 orcs (D:3)
  5 bats
  A giant cockroach (D:2)
  6 goblins
  5 hobgoblins
  8 jackals
  8 kobolds
  A quokka (D:2)
  7 frilled lizards
  5 rats
55 creatures vanquished.

Vanquished Creatures (others)
  A kobold (D:2)
1 creature vanquished.

Grand Total: 56 creatures vanquished

Notes
Turn   | Place    | Note
-------+----------+-------------------------------------------
     0 | D:1      | Henning the Gargoyle Berserker began the quest for the Orb.
     0 | D:1      | Reached XP level 1. HP: 14/14 MP: 1/1
    93 | D:1      | Reached XP level 2. HP: 13/19 MP: 2/2
   364 | D:1      | Reached ** piety under Trog
   364 | D:1      | Reached XP level 3. HP: 23/23 MP: 3/3
   878 | D:2      | Reached XP level 4. HP: 29/29 MP: 4/4
   936 | D:2      | Reached skill level 4 in Fighting
   954 | D:2      | Found an iron altar of Okawaru.
  1091 | D:3      | Found a blossoming altar of Fedhas.
  1158 | D:3      | Reached *** piety under Trog
  1161 | D:3      | Noticed an orc warrior
  1167 | D:3      | Slain by an orc warrior

Skill      XL: |  1  2  3  4 |
---------------+-------------+-----
Dodging        | 2 |  2.0
Armour         | 3 |  3.4
Fighting       | 4 |  4.3
Maces & Flails | |  3.8

Action                   |  1- 3 |  4- 6 || total
-------------------------+-------+-------++-------
Melee: Whip              |   156 |    41 ||   197
       Mace              |     2 |       ||     2
Throw: Javelin           |    31 |     8 ||    39
  Eat: Chunk             |       |     1 ||     1
Armor: Animal skin       |    59 |    19 ||    78
Dodge: Dodged            |   119 |    20 ||   139
Block: Other             |     9 |     8 ||    17
       Reflection        |     1 |       ||     1
